 Dungeon Crawl Stone Soup version 0.21-a0-531-gacddea6 (webtiles) character file.

108 soulesssniper the Firebug (level 4, 0/24 HPs)
             Began as a Deep Elf Fire Elementalist on June 7, 2015.
             Killed by divine providence
             ... invoked by an orc priest
              (12 damage)
             ... on level 3 of the Dungeon on Dec 12, 2017.
             The game lasted 00:23:41 (1879 turns).

soulesssniper the Firebug (DEFE)                    Turns: 1879, Time: 00:23:42

Health: 0/24       AC:  4    Str:  5    XL:     4   Next: 58%
Magic:  9/12       EV: 12    Int: 21    God:
Gold:   101        SH:  0    Dex: 15    Spells: 3/11 levels left

rFire    . . .     SeeInvis .   f - +0 dagger (holy)
rCold    . . .     Gourm    .   (no shield)
rNeg     . . .     Faith    .   j - +0 leather armour
rPois    +         Spirit   .   (no helmet)
rElec    .         Reflect  .   (no cloak)
rCorr    .         Harm     .   (no gloves)
MR       .....                  u - +0 pair of boots (curse)
Stlth    ++........             (no amulet)
HPRegen  0.08/turn              q - ring of wizardry
MPRegen  0.13/turn              t - ring of poison resistance

@: no status effects
A: no striking features
a: no special abilities


You were on level 3 of the Dungeon.
You were hungry.

You visited 1 branch of the dungeon, and saw 3 of its levels.

You collected 101 gold pieces.

Inventory:

Hand Weapons
 f - a +0 dagger of holy wrath (weapon)
 v - a +0 blowgun
Missiles
 p - 11 poisoned needles
 s - 8 curare-tipped needles
Armour
 a - a +0 robe
 j - a +0 leather armour (worn)
 u - a cursed +0 pair of boots (worn)
Jewellery
 q - a ring of wizardry (left hand)
 t - a ring of poison resistance (right hand)
Scrolls
 g - 2 scrolls of remove curse {unknown}
 h - 3 scrolls of identify {unknown}
 k - 3 scrolls of teleportation {unknown}
 m - a scroll of magic mapping {unknown}
Potions
 d - a potion of degeneration {unknown}
 e - a potion of flight {unknown}
 i - 2 potions of curing {unknown}
 o - a potion of invisibility {unknown}
 r - a potion of lignification {unknown}
Books
 b - a book of Flames

   Spells                             Type                      Level
   a - Flame Tongue                   Conjuration/Fire             1
   b - Throw Flame                    Conjuration/Fire             2
   c - Conjure Flame                  Conjuration/Fire             3
   d - Inner Flame                    Hexes/Fire                   3
   e - Sticky Flame                   Conjuration/Fire             4
   f - Fireball                       Conjuration/Fire             5
Comestibles
 c - a bread ration
 l - a meat ration


   Skills:
 + Level 3.1 Dodging
 - Level 2.4 Stealth
 + Level 4.2 Spellcasting
 + Level 2.8 Conjurations
 + Level 4.2 Fire Magic


You had 3 spell levels left.
You knew the following spells:

 Your Spells              Type           Power        Failure   Level  Hunger
a - Flame Tongue          Conj/Fire      ###..        1%          1    None
b - Conjure Flame         Conj/Fire      ###.....     6%          3    ###....
c - Sticky Flame          Conj/Fire      ###.....     17%         4    ####...


Dungeon Overview and Level Annotations

Branches:
Dungeon (3/15)

Altars:
The Shining One


Message History

Casting: Flame Tongue
Confirm with . or Enter, or press ? or * to list all spells.
Aiming: Flame Tongue
Press: ? - help, Shift-Dir - straight line, f/p - orc priest
Aim: an orc priest, wielding a whip (severely wounded)
The flame tongue hits the orc priest.
The orc priest appears unharmed.
The orc priest is severely wounded.
The orc priest invokes the aid of Beogh against you.
Pain shoots through your body!
Casting: Flame Tongue
Confirm with . or Enter, or press ? or * to list all spells.
Aiming: Flame Tongue
Press: ? - help, Shift-Dir - straight line, f/p - orc priest
Aim: an orc priest, wielding a whip (severely wounded)
The flame tongue hits the orc priest.
The orc priest is almost dead.
The orc priest invokes the aid of Beogh against you.
Beogh smites you!
Ouch! That really hurt!
You die...

.# ....o.. .. ##
........ ##
..#........ ###
#..........
..###..........
#......##......######
# ##....<.......)...#
###....############o#
††..#...## #.@)..#
###...#..# ##.#####
#...##.# ###..#
###...##.###...##
..........#..###
###.###.....## #.#
#..<.## ..#.....##
#..#.#....#


You could see an orc priest.

Vanquished Creatures
  An orc priest (D:3)
  An adder (D:3)
  An ooze (D:1)
  A worm (D:3)
  A dart slug (D:3)
  A leopard gecko (D:2)
  2 orcs (D:3)
  2 ball pythons (D:3)
  3 giant cockroaches
  3 hobgoblins
  4 jackals (D:2)
  9 kobolds
  6 bats
  2 frilled lizards
  12 goblins
  6 rats
55 creatures vanquished.

Notes
Turn   | Place    | Note
-------+----------+-------------------------------------------
     0 | D:1      | soulesssniper the Deep Elf Fire Elementalist began the quest for the Orb.
     0 | D:1      | Reached XP level 1. HP: 10/10 MP: 6/6
   281 | D:1      | Reached XP level 2. HP: 9/15 MP: 2/8
   831 | D:2      | Upgraded the game from 0.17-a0-1301-ga863c44 to 0.21-a0-531-gacddea6
   955 | D:2      | Found a glowing golden altar of the Shining One.
  1003 | D:2      | Reached XP level 3. HP: 19/19 MP: 6/10
  1008 | D:2      | Learned a level 3 spell: Conjure Flame
  1634 | D:3      | Reached XP level 4. HP: 24/24 MP: 4/12
  1640 | D:3      | Learned a level 4 spell: Sticky Flame
  1879 | D:3      | Killed from afar by an orc priest

Vault maps used:
D:1:      lemuel_arrival_lava_pool
D:2:      lemuel_round_altar
D:3:      uniq_robin

Skill      XL: |  1  2  3  4 |
---------------+-------------+-----
Spellcasting   | 4 |  4.2
Fire Magic     | 4 |  4.2
Dodging        | 3 |  3.1
Stealth        | |  2.4
Conjurations   | |  2.8

Action                   |  1- 3 |  4- 6 || total
-------------------------+-------+-------++-------
Melee: Dagger            |    17 |       ||    17
       Dagger            |     1 |       ||     1
 Cast: Flame Tongue      |    31 |       ||    31
       Flame Tongue      |    52 |    22 ||    74
       Conjure Flame     |     1 |       ||     1
  Eat: Chunk             |     2 |       ||     2
Armor: Leather armour    |     2 |     1 ||     3
Dodge: Dodged            |     7 |       ||     7

Table legend:
 A = Spawn XP
 B = Non-spawn XP
 C = Spawn XP percentage of total XP
 D = Spawn monster count
 E = Non-spawn monster count
 F = Spawn count percentage of total count
 G = Total turns spent on level
                    A         B        C        D         E        F      G
               +---------+---------+-------+---------+---------+-------+---------
         Total |       0 |      87 |   0.0 |       0 |      16 |   0.0 |  1048
               +---------+---------+-------+---------+---------+-------+---------
           D:3 |       0 |      87 |   0.0 |       0 |      16 |   0.0 |   440
               +---------+---------+-------+---------+---------+-------+---------
